 Dungeon Sprint DCSS version bcrawl-1.20 (webtiles) character file.

Game seed: 9331290275600783950

120 Freyura the Schismatic (level 4, -3/38 HPs)
             Began as a Demonspawn Abyssal Knight on Jan 20, 2020.
             Was an Elder of Lugonu.
             Slain by an orc knight
             ... wielding a +2 vampiric battleaxe
              (13 damage)
             ... in the Dungeon (Sprint IX: "|||||||||||||||||||||||||||||").
             The game lasted 00:02:37 (344 turns).

Freyura the Schismatic (Demonspawn Abyssal Knight)   Turns: 344, Time: 00:02:38

Health: -3/38      AC: 21    Str: 12    XL:     4   Next: 75%
Magic:  8/8        EV:  7    Int: 14    God:    Lugonu [****..]
Gold:   0          SH:  0    Dex: 19    Spells: 3/3 levels left

rFire    . . .     SeeInvis .   o - +2 morningstar (protect)
rCold    . . .     Gourm    .   (no shield)
rNeg     . . .     Faith    .   r - +1 chain mail
rPois    .         Spirit   .   q - +0 helmet
rElec    .         Reflect  .   (no cloak)
rCorr    .         Harm     .   p - +0 pair of gloves
MR       .....     NoTele   +   (no boots)
Stlth    ..........             (no amulet)
HPRegen  0.12/turn              s - +3 ring of dexterity
MPRegen  0.11/turn              t - +3 ring of dexterity

@: protection aura
A: hooves 2, slimy green scales 1
a: Bend Space, Banish, Corrupt, Renounce Religion


You were in the Dungeon.
You worshipped Lugonu.
Lugonu was greatly pleased with you.
You were not hungry.

You visited 1 branch

Inventory:

Hand Weapons
 o - a +2 morningstar of protection (weapon)
Missiles
 c - 40 stones (quivered)
Armour
 p - a +0 pair of gloves (worn)
 q - a +0 helmet (worn)
 r - a +1 chain mail (worn)
Jewellery
 s - a +3 ring of dexterity (left hand)
 t - a +3 ring of dexterity (right hand)
Wands
 m - a wand of acid (9)
Scrolls
 j - 2 scrolls of blinking
 k - 3 scrolls of remove curse
 l - 2 scrolls of amnesia
Potions
 d - 5 potions of curing
 g - a potion of haste
 h - 4 potions of magic
 i - a potion of invisibility
Comestibles
 e - a ration {!d}


   Skills:
 + Level 4.8 Fighting
 * Level 5.3 Maces & Flails
 + Level 3.8 Armour
 + Level 3.5 Dodging
 + Level 5.6 Invocations


You had 3 spell levels left.
You didn't know any spells.
Your spell library was empty.

Dungeon Overview and Level Annotations

Branches:
Dungeon (1/1)

Altars:
Cheibriados
Dithmenos
Elyvilon
Fedhas
Gozag
Hepliaklqana
Kikubaaqudgha
Lugonu
Makhleb
Nemelex Xobeh
Okawaru
Qazlal
Ru
Sif Muna
Trog
Uskayaw
Vehumet
Wu Jian
Xom
Yredelemnul
Zin
The Shining One
Beogh
Jiyva


Innate Abilities, Weirdness & Mutations

You have hoof-like feet.
You are partially covered in slimy green scales. (AC +2)


Message History

The orc knight hits you with a +2 vampiric battleaxe.
You hit the orc knight but do no damage.
Your kick misses the orc knight.
The orc knight is moderately wounded.
The orc knight hits you with a +2 vampiric battleaxe!
* * * LOW HITPOINT WARNING * * *
You feel much better.
The orc knight hits you with a +2 vampiric battleaxe!
* * * LOW HITPOINT WARNING * * *
The orc knight draws strength from your wounds!
You hit the orc knight but do no damage.
The orc knight is lightly wounded.
The orc knight hits you but does no damage.
You hit the orc knight. Your kick misses the orc knight.
The orc knight is lightly wounded.
The orc knight hits you but does no damage.
You thump the orc knight!
The orc knight is moderately wounded.
The orc knight hits you with a +2 vampiric battleaxe!
You die...

▓.▓
▓.▓
▓|▓
▓)▓
▓.▓
▓.▓
▓.▓
▓.▓
▓@▓
▓o▓
▓J▓
▓J▓
▓Z▓
▓Z▓
▓.▓
▓.▓


You could see an orc knight, a slime creature, a jelly, a bat zombie and a
quokka zombie.

Vanquished Creatures
  3 worker ants (D)
  An iguana (D)
  An adder (D)
  A dart slug (D)
  A leopard gecko (D)
  A goblin (D)
  2 bats (D)
  A kobold (D)
11 creatures vanquished.

Notes
Turn   | Place    | Note
-------+----------+-------------------------------------------
     0 | D        | Freyura the Demonspawn Abyssal Knight began the quest for
                  | the Orb.
     0 | D        | Reached XP level 1. HP: 18/18 MP: 2/2
     9 | D        | Reached skill level 1 in Dodging
    11 | D        | Reached ** piety under Lugonu
   234 | D        | Noticed a worker ant
   234 | D        | Noticed an iguana
   234 | D        | Noticed a worker ant
   237 | D        | Killed a worker ant
   237 | D        | Reached *** piety under Lugonu
   237 | D        | Gained mutation: You have large cloven feet. [demonic
                  | ancestry]
   237 | D        | Reached XP level 2. HP: 25/25 MP: 5/5
   237 | D        | Gained mutation: You have hoof-like feet. [demonic
                  | ancestry]
   237 | D        | Reached XP level 3. HP: 30/30 MP: 6/6
   245 | D        | Gained mutation: You are partially covered in slimy green
                  | scales. (AC +2) [demonic ancestry]
   245 | D        | Reached XP level 4. HP: 37/37 MP: 7/7
   246 | D        | Reached skill level 5 in Invocations
   252 | D        | Found a roughly hewn altar of Beogh.
   252 | D        | Found a snail-covered altar of Cheibriados.
   252 | D        | Found a shadowy altar of Dithmenos.
   252 | D        | Found a white marble altar of Elyvilon.
   252 | D        | Found a blossoming altar of Fedhas.
   252 | D        | Found an opulent altar of Gozag.
   253 | D        | Found a hazy altar of Hepliaklqana.
   254 | D        | Found a viscous altar of Jiyva.
   255 | D        | Found an ancient bone altar of Kikubaaqudgha.
   256 | D        | Found a corrupted altar of Lugonu.
   257 | D        | Found a burning altar of Makhleb.
   258 | D        | Found a sparkling altar of Nemelex Xobeh.
   259 | D        | Found an iron altar of Okawaru.
   260 | D        | Found a stormy altar of Qazlal.
   261 | D        | Found a sacrificial altar of Ru.
   262 | D        | Found a shimmering blue altar of Sif Muna.
   263 | D        | Found a bloodstained altar of Trog.
   264 | D        | Found a hide-covered altar of Uskayaw.
   265 | D        | Found a radiant altar of Vehumet.
   266 | D        | Found an ornate altar of the Wu Jian Council.
   267 | D        | Found a shimmering altar of Xom.
   268 | D        | Found a basalt altar of Yredelemnul.
   269 | D        | Found a glowing silver altar of Zin.
   270 | D        | Found a glowing golden altar of the Shining One.
   287 | D        | Got the +2 rapier of the Foremost Dances {speed, rN+}
   325 | D        | Noticed an orc knight
   325 | D        | Noticed a slime creature
   329 | D        | Reached **** piety under Lugonu
   329 | D        | Received a gift from Lugonu
   329 | D        | Reached skill level 5 in Maces & Flails
   344 | D        | Slain by an orc knight

Skill      XL: |  1  2  3  4 |
---------------+-------------+-----
Maces & Flails | 3 4 5 |  5.3
Armour         | 2 3 |  3.8
Dodging        | 2 3 |  3.5
Invocations    | 4 5 |  5.6
Fighting       | 4 |  4.8

Action                   |  1- 3 |  4- 6 || total
-------------------------+-------+-------++-------
Melee: Mace              |    21 |     1 ||    22
       Kick              |     3 |     3 ||     6
       Morningstar       |       |    15 ||    15
Evoke: Wand              |       |     1 ||     1
  Use: Potion            |     1 |     3 ||     4
Armor: Leather armour    |     3 |       ||     3
       Chain mail        |       |     8 ||     8
Dodge: Dodged            |     9 |     2 ||    11
